 Dungeon Crawl Stone Soup version 0.20-a0-214-gb74cb0e (webtiles) character file.

30558 esc the Warrior (level 13, -1/150 HPs)
             Began as an Ogre Berserker on Nov 27, 2016.
             Was a High Priest of Trog.
             Slain by an eight-headed hydra (4 damage)
             ... on level 6 of the Lair of Beasts.
             The game lasted 00:49:06 (15909 turns).

esc the Warrior (Ogre Berserker)                   Turns: 15909, Time: 00:49:07

Health: -1/150     AC:  5    Str: 29    XL:     13   Next: 52%
Magic:  13/13      EV: 15    Int:  6    God:    Trog [*****.]
Gold:   733        SH:  0    Dex: 11    Spells: 12/12 levels left

rFire  . . .     SeeInvis .     y - +2 whip (elec)
rCold  + . .     Gourm    .     Z - +1 robe {rC+}
rNeg   . . .     Faith    .     (no shield)
rPois  +         Spirit   .     (helmet restricted)
rElec  .         Reflect  .     p - +0 cloak
rCorr  .         Harm     .     (gloves unavailable)
MR     +....                    (boots unavailable)
Stlth  +.........               m - amulet of regeneration {+regen, !d}
                                J - ring of poison resistance {rPois, !d}
                                I - +2 ring of strength

@: no status effects
A: unfitting armour, tough skin 1
a: Berserk, Trog's Hand, Brothers in Arms, Burn Spellbooks, Renounce Religion


You were on level 6 of the Lair of Beasts.
You worshipped Trog.
Trog was extremely pleased with you.
You were not hungry.

You visited 2 branches of the dungeon, and saw 15 of its levels.
You also visited: Volcano.

You collected 973 gold pieces.
You spent 240 gold pieces at shops.

Inventory:

Hand Weapons
 y - a +2 whip of electrocution (weapon)
   (You took it off a kobold on level 3 of the Dungeon)
 N - a +3 flail of crushing
   (You took it off Edmund on level 6 of the Dungeon)
 T - a +0 giant spiked club of draining
   (You took it off an ogre on level 7 of the Dungeon)
Missiles
 b - 8 javelins of penetration
 i - 4 large rocks {!d}
 o - 78 poisoned needles
 r - 2 tomahawks
 x - 3 curare-tipped needles
 F - 2 javelins (quivered)
 G - 2 silver tomahawks
 K - 3 throwing nets {=f, !d}
 P - 2 poisoned tomahawks
 Q - 6 silver javelins
 Y - 6 javelins of returning
Armour
 p - a +0 cloak (worn)
   (You found it on level 2 of the Dungeon)
 Z - a +1 robe of cold resistance (worn)
   (You took it off Fannar on level 2 of the Lair of Beasts)
Jewellery
 e - an uncursed ring of see invisible {sInv, !d}
   (You found it on level 1 of the Dungeon)
 m - an amulet of regeneration (around neck) {+regen, !d}
   (You found it on level 1 of the Dungeon)
 I - a +2 ring of strength (left hand)
   (You found it on level 9 of the Dungeon)
 J - a ring of poison resistance (right hand) {rPois, !d}
   (You bought it in a shop on level 6 of the Dungeon)
 L - an uncursed amulet of faith {unknown}
   (You found it on level 6 of the Dungeon)
Wands
 a - a wand of acid (2/15)
   (You found it on level 1 of the Lair of Beasts)
 l - a wand of paralysis (5/24)
   (You found it on level 9 of the Dungeon)
 A - a wand of iceblast (7/15)
   (You found it on level 9 of the Dungeon)
 U - a wand of digging (12/24)
   (You found it on level 7 of the Dungeon)
 V - a wand of lightning (0/15)
   (You found it on level 8 of the Dungeon)
 X - a wand of disintegration (5/24)
   (You found it on level 5 of the Lair of Beasts)
Scrolls
 d - 3 scrolls of enchant weapon
 f - 4 scrolls of magic mapping {!r}
 n - a scroll of teleportation
 q - 7 scrolls of remove curse
 u - 4 scrolls of recharging
 B - 4 scrolls of fog
 C - a scroll of enchant armour
 M - a scroll of blinking {!r}
Potions
 g - 2 potions of haste
 h - 2 potions of magic
 s - 3 potions of agility
 v - a potion of resistance
 w - 3 potions of curing
 z - 3 potions of lignification {!q}
 D - 2 potions of ambrosia
 E - 2 potions of brilliance {unknown}
 R - a potion of cancellation {unknown}
 S - 2 potions of cure mutation {!q}
 W - a potion of invisibility {unknown}
Comestibles
 c - 8 bread rations {@e1}
 k - 7 meat rations {@e2}


   Skills:
 + Level 15.4 Fighting
 + Level 15.1 Maces & Flails
 + Level 9.6 Throwing
 + Level 11.2 Dodging


You had 12 spell levels left.
You didn't know any spells.

Dungeon Overview and Level Annotations

Branches:
Dungeon (9/15)             Temple (0/1) D:7            Lair (6/6) D:9
  Swamp (0/4) Lair:4       Spider (0/4) Lair:2        Slime (0/5) Lair:5
    Orc: D:9-12

Altars:
Ashenzari
Dithmenos
Elyvilon
Fedhas
Gozag
Kikubaaqudgha
Qazlal
Ru
Sif Muna
Trog
Uskayaw
Vehumet
Xom
Yredelemnul
Zin
Jiyva

Shops:
D:5 :   D:6 =

Annotations:
Lair:2 exclusions: 3 electric eels, oklob plant, 5 plants and 6 more exclusions
Lair:5 exclusion: ice statue


Innate Abilities, Weirdness & Mutations

You are too large for most types of armour.
You have tough skin. (AC +1)


Message History

You feel sick.
You feel sick.
You take 1 damage, and have 69/150 hp.
You feel sick.
You feel sick.
There is a stone staircase leading up here.
You feel sick.
You climb upwards.
You feel sick.
There is a stone staircase leading down here.
You take 1 damage, and have 69/150 hp.
You start resting.
You feel sick. x5
A porcupine comes into view.
You regained 4 hp, and now have 73/150 hp.
You are struck by the porcupine's spines.
You hit the porcupine. The porcupine closely misses you.
You take 12 damage, and have 62/150 hp.
You whack the porcupine!
There is a sudden explosion of sparks!
You kill the porcupine!
Trog accepts your kill.
You feel sick.
There is a stone staircase leading down here.
You start resting.
You feel sick. x2
You are no longer poisoned.
You regained 2 hp, and now have 66/150 hp.
You start resting.
Your magical contamination has completely faded away.
You regained 4 hp, and now have 70/150 hp.
You start resting.
Health restored: 150
There is a stone staircase leading down here.
You climb downwards.
Level annotation: exclusion: ice statue
There is a stone staircase leading up here.
Partly explored, can't reach some items.
You enter the shallow water.
Moving in this stuff is going to be slow.
There is a stone staircase leading down, spattered with blood here.
You climb downwards.
There is a stone staircase leading up, spattered with blood here.
The eight-headed hydra roars!
Aim: an eight-headed hydra You throw a javelin.
The javelin hits the eight-headed hydra but does no damage.
You hit the eight-headed hydra. The eight-headed hydra bites you.
The eight-headed hydra closely misses you. x2
The eight-headed hydra bites you! The eight-headed hydra bites you.
The eight-headed hydra bites you!
The eight-headed hydra completely misses you.
The eight-headed hydra bites you.
You take 40 damage, and have 110/150 hp.
MASSIVE DAMAGE!!
You whack the eight-headed hydra! You hit the eight-headed hydra.
The eight-headed hydra bites you. The eight-headed hydra misses you.
The eight-headed hydra bites you!
The eight-headed hydra closely misses you.
The eight-headed hydra bites you! x2; The eight-headed hydra bites you.
The eight-headed hydra closely misses you.
You take 37 damage, and have 74/150 hp.
MASSIVE DAMAGE!!
There is a stone staircase leading up, spattered with blood here.
Aim: an eight-headed hydra (lightly wounded)
The bolt of acid hits the eight-headed hydra.
The eight-headed hydra is splashed with acid.
The acid corrodes the eight-headed hydra!
Evoking this partially-identified wand wasted a few charges.
The eight-headed hydra bites you but does no damage.
The eight-headed hydra misses you.
The eight-headed hydra closely misses you.
The eight-headed hydra bites you!
The eight-headed hydra barely misses you.
The eight-headed hydra closely misses you.
The eight-headed hydra bites you! The eight-headed hydra misses you.
You take 23 damage, and have 52/150 hp.
Unknown command.
You hit the eight-headed hydra. You barely miss the eight-headed hydra.
The eight-headed hydra bites you. The eight-headed hydra bites you!
* * * LOW HITPOINT WARNING * * *
The eight-headed hydra closely misses you.
The eight-headed hydra bites you!
* * * LOW HITPOINT WARNING * * *
The eight-headed hydra closely misses you. x2
The eight-headed hydra bites you!
* * * LOW HITPOINT WARNING * * *
The eight-headed hydra bites you.
* * * LOW HITPOINT WARNING * * *
You take 35 damage, and have 19/150 hp.
MASSIVE DAMAGE!!
You feel much better. The eight-headed hydra bites you!
* * * LOW HITPOINT WARNING * * *
The eight-headed hydra bites you.
* * * LOW HITPOINT WARNING * * *
The eight-headed hydra misses you. The eight-headed hydra bites you.
* * * LOW HITPOINT WARNING * * *
The eight-headed hydra closely misses you.
The eight-headed hydra bites you!
* * * LOW HITPOINT WARNING * * *
The eight-headed hydra barely misses you.
The eight-headed hydra bites you.
You die...

....#......
..#
....#P....##..
...P...P....#
...........#
..........#
.....(...##
....((#.<.###
...## #.....#
. ##.D@.#
#..#...#
###.....#
#..#...#
.###P...# .#
#..... . ###..
. ##


You could see an eight-headed hydra.

Vanquished Creatures
  Harold (Lair:3)
  5 hydras
  A salamander mystic (Volcano)
  A necromancer (Lair:2)
  Pikel (D:5)
  2 black mambas
  5 spiny frogs
  2 rime drakes
  4 komodo dragons
  A freezing wraith (Lair:5)
  Grinder (D:3)
  5 polar bears (Lair:5)
  A two-headed ogre (D:8)
  Prince Ribbit (D:7)
  13 blink frogs
  2 hippogriffs (Lair:3)
  A wyvern (Lair:4)
  A basilisk (Lair:2)
  25 yaks
  Grum (D:8)
  Edmund (D:6)
  10 porcupines
  11 water moccasins
  A slave (D:5)
  An orc warrior (D:9)
  8 ice beasts
  A phantom (D:6)
  A black bear (Lair:2)
  A hornet zombie (D:7)
  2 sky beasts (D:6)
  4 ogres
  41 wolves
  3 centaurs
  3 crocodiles
  10 bullfrogs
  A scorpion (D:9)
  3 killer bees (D:9)
  5 wights
  2 howler monkeys
  4 crimson imps
  2 bullfrog zombies
  A jelly (D:8)
  2 quasits (D:9)
  5 hounds
  A centaur skeleton (D:5)
  9 orc priests
  4 iguanas
  10 orc wizards
  Terence (D:3)
  Natasha (thrice) (D:3)
  A polar bear simulacrum (Lair:2)
  7 worker ants
  2 wolf simulacra (Lair:2)
  6 yak simulacra (Lair:2)
  A howler monkey skeleton (D:5)
  7 gnolls
  3 adders
  2 shadow imps
  2 white imps (Lair:5)
  An ooze (D:4)
  4 adder skeletons
  3 worms
  8 dart slugs
  6 leopard geckos
  42 orcs
  6 bats
  4 giant cockroaches
  5 goblins
  5 hobgoblins
  9 jackals
  5 quokkas
  4 ball pythons
  3 frilled lizards
  A jackal skeleton (D:4)
  7 kobolds
  A leopard gecko skeleton (D:5)
  A quokka skeleton (D:9)
  6 rats
  2 river rat simulacra (Lair:2)
379 creatures vanquished.

Vanquished Creatures (collateral kills)
  Fannar (Lair:2)
  The ghost of WereVolvo the Martial Artist, a journeyman DsGl of Cheibriados (Lair:1)
  A hornet (Lair:4)
  2 blink frogs (Lair:5)
  A spriggan (Lair:4)
  3 yaks (Lair:4)
  A porcupine (Lair:1)
  8 wolves (Lair:4)
18 creatures vanquished.

Vanquished Creatures (others)
  Sigmund (D:6)
  A centaur skeleton (D:6)
  A dart slug (D:3)
  2 jackals (D:6)
  6 fungi
  9 plants
20 creatures vanquished.

Grand Total: 417 creatures vanquished

Notes
Turn   | Place    | Note
-------+----------+-------------------------------------------
     0 | D:1      | esc the Ogre Berserker began the quest for the Orb.
     0 | D:1      | Reached XP level 1. HP: 24/24 MP: 1/1
   295 | D:1      | HP: 9/36 [hobgoblin (5)]
   535 | D:1      | Reached XP level 2. HP: 28/32 MP: 2/2
   770 | D:1      | Reached skill level 3 in Dodging
   899 | D:1      | Reached XP level 3. HP: 32/40 MP: 3/3
  1384 | D:2      | Reached skill level 5 in Maces & Flails
  1422 | D:2      | Reached ** piety under Trog
  1477 | D:2      | Reached XP level 4. HP: 49/49 MP: 4/4
  2019 | D:3      | Noticed Terence
  2027 | D:3      | Killed Terence
  2027 | D:3      | Reached skill level 5 in Fighting
  2105 | D:3      | Reached XP level 5. HP: 37/57 MP: 5/5
  2214 | D:3      | Noticed Natasha
  2224 | D:3      | Killed Natasha
  2229 | D:3      | Found a radiant altar of Vehumet.
  2374 | D:3      | Found a faded altar of an unknown god.
  2420 | D:3      | Found a glowing silver altar of Zin.
  2685 | D:3      | Noticed Natasha
  2691 | D:3      | Killed Natasha
  2700 | D:3      | Noticed Grinder
  2704 | D:3      | Paralysed by Grinder for 3 turns
  2711 | D:3      | Killed Grinder
  2711 | D:3      | Reached skill level 6 in Fighting
  2711 | D:3      | Reached skill level 6 in Maces & Flails
  2711 | D:3      | Reached skill level 4 in Dodging
  2711 | D:3      | Reached XP level 6. HP: 68/68 MP: 6/6
  2724 | D:3      | Noticed Natasha
  2737 | D:3      | Killed Natasha
  2737 | D:3      | Reached XP level 7. HP: 28/76 MP: 7/7
  2904 | D:3      | Found a stormy altar of Qazlal.
  3052 | D:4      | Reached *** piety under Trog
  3094 | D:4      | Found a blossoming altar of Fedhas.
  3158 | D:4      | Reached skill level 7 in Fighting
  3158 | D:4      | Reached skill level 7 in Maces & Flails
  3324 | D:4      | Reached skill level 5 in Dodging
  3543 | D:4      | Found a shimmering altar of Xom.
  3543 | D:4      | Found a shadowy altar of Dithmenos.
  3569 | D:4      | Reached XP level 8. HP: 85/88 MP: 8/8
  3778 | D:5      | Entered Level 5 of the Dungeon
  3848 | D:5      | Reached skill level 8 in Fighting
  3857 | D:5      | Reached skill level 8 in Maces & Flails
  4177 | D:5      | Found Ciunuati's Book Emporium.
  4391 | D:6      | Found an ancient bone altar of Kikubaaqudgha.
  4421 | D:6      | Found a hide-covered altar of Uskayaw.
  4450 | D:6      | Reached skill level 6 in Dodging
  4528 | D:5      | Reached skill level 9 in Fighting
  4528 | D:5      | Reached skill level 9 in Maces & Flails
  4609 | D:6      | Reached **** piety under Trog
  4635 | D:6      | Noticed Pikel
  4818 | D:5      | Killed Pikel
  4818 | D:5      | Reached XP level 9. HP: 101/101 MP: 9/9
  4853 | D:6      | Found a deep blue altar of Sif Muna.
  4855 | D:6      | Found an opulent altar of Gozag.
  4929 | D:6      | Killed Sigmund
  5007 | D:6      | Reached skill level 10 in Fighting
  5007 | D:6      | Reached skill level 10 in Maces & Flails
  5056 | D:6      | Reached skill level 1 in Throwing
  5115 | D:6      | Found Wuomup Mung's Jewellery Boutique.
  5118 | D:6      | Bought an uncursed ring of poison resistance for 240 gold pieces
  5145 | D:6      | Found a white marble altar of Elyvilon.
  5218 | D:6      | Noticed Edmund
  5225 | D:6      | Killed Edmund
  5225 | D:6      | Reached skill level 7 in Dodging
  5235 | D:6      | Found a basalt altar of Yredelemnul.
  5239 | D:6      | Found a bloodstained altar of Trog.
  5409 | D:7      | Noticed Prince Ribbit
  5417 | D:7      | Killed Prince Ribbit
  5417 | D:7      | Reached skill level 2 in Throwing
  5599 | D:7      | Found a staircase to the Ecumenical Temple.
  5729 | D:7      | Reached skill level 3 in Throwing
  5756 | D:7      | Found a shattered altar of Ashenzari.
  5787 | D:7      | Found a sacrificial altar of Ru.
  5793 | D:7      | Reached skill level 11 in Fighting
  5793 | D:7      | Reached XP level 10. HP: 82/113 MP: 10/10
  6423 | D:8      | Noticed Grum
  6426 | D:8      | Reached skill level 11 in Maces & Flails
  6431 | D:8      | Killed Grum
  6431 | D:8      | Reached ***** piety under Trog
  6437 | D:8      | Reached skill level 4 in Throwing
  7328 | D:9      | Reached skill level 8 in Dodging
  7388 | D:9      | Found a staircase to the Lair.
  7997 | Lair:1   | Entered Level 1 of the Lair of Beasts
  8031 | Lair:1   | Noticed a seven-headed hydra
  8067 | Lair:1   | Reached skill level 5 in Throwing
  8090 | Lair:1   | Received a gift from Trog
  8141 | Lair:1   | Killed a seven-headed hydra
  8141 | Lair:1   | Reached skill level 12 in Fighting
  8141 | Lair:1   | Reached XP level 11. HP: 123/123 MP: 11/11
  8208 | Lair:1   | Noticed WereVolvo's ghost (journeyman DsGl)
  8237 | Lair:1   | HP: 33/184 [WereVolvo's ghost (25)]
  8241 | Lair:1   | HP: 1/184 [WereVolvo's ghost (33)]
  8358 | D:9      | Reached skill level 12 in Maces & Flails
  8681 | Lair:1   | Reached skill level 6 in Throwing
  8923 | Lair:1   | Killed WereVolvo's ghost
  8939 | Lair:1   | Reached skill level 9 in Dodging
  9463 | Lair:2   | Received a gift from Trog
  9528 | Lair:2   | Noticed a four-headed hydra
  9538 | Lair:2   | Killed a four-headed hydra
  9605 | Lair:2   | Reached skill level 13 in Fighting
  9703 | Lair:2   | Noticed Fannar
  9715 | Lair:2   | Killed Fannar
  9843 | Lair:2   | Noticed a necromancer
 10181 | Lair:2   | Killed a necromancer
 10189 | Lair:2   | Received a gift from Trog
 10189 | Lair:2   | Reached skill level 7 in Throwing
 10322 | Lair:2   | Noticed an oklob plant
 10421 | Lair:2   | Found a hole to the Spider Nest.
 10462 | Lair:2   | Reached skill level 13 in Maces & Flails
 10560 | Lair:2   | HP: 27/127 [electric eel/bolt of electricity (9)]
 10867 | Lair:3   | Reached XP level 12. HP: 106/136 MP: 12/12
 11008 | Lair:3   | Noticed Harold
 11023 | Lair:3   | Killed Harold
 11402 | Lair:3   | Received a gift from Trog
 11406 | Lair:3   | Reached skill level 10 in Dodging
 12019 | Lair:4   | Noticed a spriggan rider
 12031 | Lair:3   | HP: 28/137 [wolf (7)]
 12032 | Lair:3   | Reached skill level 8 in Throwing
 12186 | Lair:4   | Noticed a five-headed hydra
 12339 | Lair:3   | Reached skill level 14 in Fighting
 12545 | Lair:3   | Killed a five-headed hydra
 12556 | Lair:3   | Reached skill level 14 in Maces & Flails
 13087 | Lair:4   | Got a silken robe
 13107 | Lair:4   | Identified the +2 robe of the Distant Future {Regen+ Str-5 Dex+5} (You took it off a spriggan rider on level 4 of the Lair of Beasts)
 13275 | Lair:4   | Found a staircase to the Swamp.
 13435 | Lair:4   | Reached skill level 9 in Throwing
 13435 | Lair:4   | Reached XP level 13. HP: 131/148 MP: 13/13
 13606 | Lair:4   | Received a gift from Trog
 14248 | Lair:5   | Reached skill level 11 in Dodging
 14344 | Lair:5   | Reached skill level 15 in Fighting
 14637 | Lair:5   | Found a dark tunnel.
 14700 | Volcano  | Entered a volcano
 14728 | Volcano  | Found a burning altar of Makhleb.
 14732 | Volcano  | Noticed a red draconian
 14762 | Lair:5   | Received a gift from Trog
 14859 | Lair:5   | Found a viscous altar of Jiyva.
 14859 | Lair:5   | Found a staircase to the Slime Pits.
 14901 | Lair:5   | Reached skill level 15 in Maces & Flails
 15624 | Lair:6   | Entered Level 6 of the Lair of Beasts
 15908 | Lair:6   | HP: 31/150 [eight-headed hydra (13)]
 15909 | Lair:6   | HP: 3/150 [eight-headed hydra (15)]
 15909 | Lair:6   | Slain by an eight-headed hydra

Vault maps used:
D:1:      lemuel_arrival_lava_pool, st_stairs_13, minmay_split_cup_large
D:3:      vehumet_crystals, grunt_qazlal_clouds, zin_academy,
          chequers_ecumenical_altar_simple_redux, uniq_natasha, uniq_terence,
          uniq_grinder
D:4:      overflow_temple_1_default, minitemple, first_bread
D:5:      serial_shops, shop_fountains
D:6:      grunt_temple_overflow_open, overflow_temple_1_default,
          overflow_temple_1_default, basic_altar, serial_shops, kennysheep_mini,
          uniq_sigmund, uniq_edmund, uniq_pikel
D:7:      nicolae_ru_awakened_eye, lemuel_round_altar, uniq_prince_ribbit1
D:8:      uniq_grum
D:9:      lair_entry_dummy
Lair:1:   beast_lair_carwin_4, serial_bayou_shore_b
Lair:2:   minmay_lair_oklob_tunnel, spider_nest_entry_web_field,
          eino_house_with_fridge, serial_bayou_shore_a, uniq_fannar
Lair:3:   nicolae_lair_grove_arrangements, lemuel_fruit_tree, uniq_harold
Lair:4:   swamp_mist, grunt_forest_large_clearings
Lair:5:   dpeg_slime_entry_enclosed_altar, nicolae_volcano_entry_two_sided,
          ice2_lemuel, infiniplex_staircase_pool_2
Lair:6:   minmay_lair_end_frog_pond
Volcano:  kennysheep_volcano_temple

Skill      XL: |  1  2  3  4  5  6  7  8  9 10 11 12 13 |
---------------+----------------------------------------+-----
Dodging        | 3 4 5 6 7 8 9 10 11 | 11.2
Maces & Flails | 5 6 7 9 10 11 13 14 15 | 15.1
Fighting       | 5 6 7 9 11 12 13 14 15 | 15.4
Throwing       | 3 5 7 9 |  9.6

Action                   |  1- 3 |  4- 6 |  7- 9 | 10-12 | 13-15 || total
-------------------------+-------+-------+-------+-------+-------++-------
Melee: Mace              |   139 |    49 |       |       |       ||   188
       Flail             |       |    40 |       |       |       ||    40
       Whip              |       |    21 |   325 |   747 |   227 ||  1320
Throw: Javelin           |       |       |       |    18 |     5 ||    23
Invok: Berserk           |     4 |     4 |    13 |    15 |     2 ||    38
       Burn Spellbooks   |       |       |     1 |     2 |     2 ||     5
       Brothers in Arms  |       |       |       |     5 |     1 ||     6
       Trog's Hand       |       |       |       |     1 |       ||     1
Evoke: Wand              |       |       |       |     2 |     5 ||     7
  Use: Scroll            |       |     8 |     7 |    15 |     3 ||    33
       Potion            |       |     1 |       |       |     2 ||     3
 Stab: Distracted        |       |     1 |       |     1 |       ||     2
       Sleeping          |       |       |     1 |       |       ||     1
       Paralysed         |       |       |       |       |     3 ||     3
  Eat: Chunk             |     6 |     7 |    19 |    34 |     5 ||    71
       Pizza             |       |       |     1 |     2 |       ||     3
       Beef jerky        |       |       |     1 |     1 |       ||     2
       Fruit             |       |       |       |     1 |     5 ||     6
       Bread ration      |       |       |       |       |     1 ||     1
Armor: Animal skin       |    35 |    31 |    24 |    23 |       ||   113
       Robe              |       |       |    21 |    53 |    18 ||    92
Dodge: Dodged            |    75 |    59 |   134 |   346 |   135 ||   749

Vault maps used:
D:1:      lemuel_arrival_lava_pool, st_stairs_13, minmay_split_cup_large
D:3:      vehumet_crystals, grunt_qazlal_clouds, zin_academy,
          chequers_ecumenical_altar_simple_redux, uniq_natasha, uniq_terence,
          uniq_grinder
D:4:      overflow_temple_1_default, minitemple, first_bread
D:5:      serial_shops, shop_fountains
D:6:      grunt_temple_overflow_open, overflow_temple_1_default,
          overflow_temple_1_default, basic_altar, serial_shops, kennysheep_mini,
          uniq_sigmund, uniq_edmund, uniq_pikel
D:7:      nicolae_ru_awakened_eye, lemuel_round_altar, uniq_prince_ribbit1
D:8:      uniq_grum
D:9:      lair_entry_dummy
Lair:1:   beast_lair_carwin_4, serial_bayou_shore_b
Lair:2:   minmay_lair_oklob_tunnel, spider_nest_entry_web_field,
          eino_house_with_fridge, serial_bayou_shore_a, uniq_fannar
Lair:3:   nicolae_lair_grove_arrangements, lemuel_fruit_tree, uniq_harold
Lair:4:   swamp_mist, grunt_forest_large_clearings
Lair:5:   dpeg_slime_entry_enclosed_altar, nicolae_volcano_entry_two_sided,
          ice2_lemuel, infiniplex_staircase_pool_2
Lair:6:   minmay_lair_end_frog_pond
Volcano:  kennysheep_volcano_temple

Table legend:
 A = Turns spent in this place as a percentage of turns spent in the entire game.
 B = Non-inter-level travel turns spent in this place as a percentage of non-inter-level travel turns spent in the entire game.
 C = Inter-level travel turns spent in this place as a percentage of turns spent in this place.
 D = Turns resting spent in this place as a percentage of non-inter-level travel turns spent in this place.
 E = Turns spent auto-exploring this place as a percentage of non-inter-level travel turns spent in this place.
 F = Non-inter-level travel turns spent in this place divided by the number of levels of this place that you've seen.
                   A       B       C       D       E      F
               +-------+-------+-------+-------+-------+----------------------
         Total | 100.0 | 100.0 |   0.7 |   6.0 |   7.4 | 271.5
       Dungeon |  49.6 |  49.7 |   0.6 |   5.3 |  10.2 | 239.8
          Lair |  49.0 |  49.0 |   0.8 |   6.9 |   4.7 | 354.7
       Volcano |   1.3 |   1.3 |   0.0 |   0.0 |   0.0 |  58.0
               +-------+-------+-------+-------+-------+----------------------

Table legend:
 A = Kills in this place as a percentage of kills in entire the game.
 B = Kills by you in this place as a percentage of kills by you in the entire game.
 C = Kills by friends in this place as a percentage of kills by friends in the entire game.
 D = Other kills in this place as a percentage of other kills in the entire game.
 E = Experience gained in this place as a percentage of experience gained in the entire game.
 F = Experience gained in this place divided by the number of levels of this place that you have seen.
                   A       B       C       D       E      F
               +-------+-------+-------+-------+-------+----------------------
         Total | 100.0 | 100.0 | 100.0 |  -nan | 100.0 | 2728.4
       Dungeon |  56.3 |  59.0 |   0.0 |  -nan |  17.8 | 865.3
          Lair |  43.4 |  40.7 | 100.0 |  -nan |  80.4 | 5851.0
       Volcano |   0.3 |   0.3 |   0.0 |  -nan |   1.7 | 761.0
               +-------+-------+-------+-------+-------+----------------------
